 Dungeon Crawl Stone Soup version 0.31.0-32-g396128a36d (webtiles) character file.

Game seed: 5579399408219709586

33 Balder the Cudgeller (level 3, -2/30 HPs)
             Began as a Minotaur Gladiator on Apr 24, 2024.
             Slain by Terence
             ... wielding a +0 flail
              (10 damage)
             ... on level 2 of the Dungeon.
             The game lasted 00:05:54 (1046 turns).

Balder the Cudgeller (Minotaur Gladiator)           Turns: 1046, Time: 00:05:56

Health: -2/30      AC:  5    Str: 18    XL:     3   Next: 12%
Magic:  2/2        EV: 12    Int:  5    God:
Gold:   46         SH:  0    Dex: 13    Spells: 2/2 levels left

rFire   . . .        a - +0 flail
rCold   . . .        (no shield)
rNeg    . . .        g - +0 ring mail
rPois   .            c - +0 hat
rElec   .            (no cloak)
rCorr   .            (no gloves)
SInv    .            (no boots)
Will    .....        i - amulet of regeneration
Stlth   +            (no ring)
HPRegen 1.05/turn    (no ring)
MPRegen 0.08/turn

%: no passive effects
@: no status effects
A: horns 2, retaliatory headbutt
a: no special abilities


You were on level 2 of the Dungeon.
You visited 1 branch of the dungeon, and saw 2 of its levels.

You collected 46 gold pieces.

Inventory:

Hand Weapons
 a - a +0 flail (weapon)
Missiles
 d - 2 throwing nets (quivered)
 e - a javelin
Armour
 b - a +0 leather armour
 c - a +0 hat (worn)
 g - a +0 ring mail (worn)
Jewellery
 i - an amulet of regeneration (around neck)
Scrolls
 f - a scroll of amnesia {unknown}
Potions
 h - a potion of heal wounds {unknown}
 j - a potion of cancellation {unknown}


   Skills:
 + Level 2.6 Fighting
 + Level 4.1 Maces & Flails
 + Level 2.0 Throwing
 + Level 0.9 Armour
 + Level 4.0 Dodging


You had 2 spell levels left.
You didn't know any spells.
Your spell library contained the following spells:

 Spells                   Type           Power      Damage    Failure   Level
 Ignite Poison            Fire/Alch      0%         N/A       100%        4
 Sticky Flame             Fire/Alch      0%         2d4       100%        4
 Ignition                 Fire           0%         3d3       100%        8


Dungeon Overview and Level Annotations

Branches:
Dungeon (2/15)

Altars:

Annotations:
D:2 Sigmund, Terence


Innate Abilities, Weirdness & Mutations

You have a pair of horns on your head.
You reflexively headbutt those who attack you in melee.


Message History

A kobold comes into view. It is wielding a +0 short sword.
The kobold shouts!
The kobold throws a stone.
The stone barely misses you.
You hit the kobold.
You kill the kobold!
Things that are here:
a +0 short sword; 5 stones; a kobold corpse Terence, Sigmund and a ball python come into view.
Terence shouts!
Sigmund shouts!
The ball python hisses angrily.
Sigmund casts a spell.
Sigmund flickers and vanishes!
Deactivating autopickup; reactivate with Ctrl-A.
Throw: 3 throwing nets
Press: ? - help, Q - select action, (/) - cycle Shift-Dir - straight line, f - Terence
Aim: Terence, wielding a +0 flail and wearing a +0 chain mail (64% to hit)
You throw a throwing net. The throwing net hits Terence.
Terence is caught in the net!
Terence struggles against the net.
You hit Terence but do no damage. Terence shouts, "Now you die!"
Terence struggles against the net.
You thump Terence!
Terence is moderately wounded.
Terence struggles against the net.
Something hits you!
Terence struggles against the net.
You catch the helpless Terence completely off-guard!
You hit Terence but do no damage. You headbutt Terence.
Terence is heavily wounded.
Terence struggles against the net.
The net rips apart, and Terence comes free!
You hit Terence.
Terence is severely wounded.
Something hits you! Terence hits you with a +0 flail.
You barely miss Terence.
Terence is severely wounded.
Something hits you!
* * * LOW HITPOINT WARNING * * *
Terence hits you with a +0 flail!
You die...
Terence says, "That felt goooood."

##.##.#.## #.##.#.# ..##
#.##.#.# .... #......#
{.. ########.### ..#
.......#.# .S# .####..#.#
..##
.###...#.#########...####
..†.............@@S.....+
.###...###########...####
.###...# ..## .......#
.## ####†### .# #.# .#
#.# .# #.# .# #.#


You could see Terence and a ball python.

Vanquished Creatures
  2 adders (D:2)
  An endoplasm (D:1)
  A giant cockroach (D:1)
  A goblin (D:1)
  A hobgoblin (D:1)
  A ball python (D:2)
  3 bats (D:1)
  4 kobolds
  4 rats
18 creatures vanquished.

Notes
Turn   | Place    | Note
-------+----------+-------------------------------------------
     0 | D:1      | Balder the Minotaur Gladiator began the quest for the Orb.
     0 | D:1      | Reached XP level 1. HP: 18/18 MP: 0/0
   271 | D:1      | Reached XP level 2. HP: 25/25 MP: 1/1
   518 | D:1      | Found a faded altar of an unknown god.
   963 | D:2      | Reached XP level 3. HP: 30/30 MP: 2/2
  1037 | D:2      | Noticed Terence
  1037 | D:2      | Noticed Sigmund
  1046 | D:2      | Slain by Terence

Illustrated notes

Levels and vault maps discovered:
D:1:      matt_arrival_diagonals, layout_basic,
          hellmonk_ecumenical_altar_inner_sanctum
D:2:      layout_loops_corners, basic_altar, uniq_terence, uniq_sigmund,
          uniq_robin

Skill      XL: |  1  2 |
---------------+-------+-----
Maces & Flails | 4 |  4.1
Dodging        | 4 |  4.0
Fighting       | |  2.6
Throwing       | |  2.0
Armour         | |  0.9

Action                     || total
---------------------------++-------
  Melee: Flail             ||    38
         Headbutt          ||     6
  Throw: Throwing net      ||     1
   Stab: Held in net/web   ||     1
 Armour: Ring mail         ||    21
         Leather armour    ||     1
  Dodge: Dodged            ||    29
